 Dungeon Crawl Stone Soup version 0.27-a0-1196-g3e9cee4cb2 (webtiles) character file.

Game seed: 9149560199647776715

60 Tocho the Bolt Thrower (level 4, -4/26 HPs)
             Began as a Kobold Hunter on May 30, 2021.
             Slain by a centaur (6 damage)
             ... on level 5 of the Dungeon.
             The game lasted 00:05:55 (2398 turns).

Tocho the Bolt Thrower (Kobold Hunter)              Turns: 2398, Time: 00:05:56

Health: -4/26      AC:  3    Str: 10    XL:     4   Next: 24%
Magic:  4/4        EV: 14    Int: 12    God:
Gold:   52         SH:  0    Dex: 15    Spells: 3/3 levels left

rFire    . . .     SeeInvis .   a - +1 hand crossbow
rCold    . . .     Faith    .   (shield restricted)
rNeg     . . .     Spirit   .   c - +0 leather armour
rPois    .         Reflect  .   (no helmet)
rElec    .         Harm     .   (no cloak)
rCorr    .         Rampage  .   (no gloves)
Will     .....                  (no boots)
Stlth    +++.......             (no amulet)
HPRegen  0.08/turn              (no ring)
MPRegen  0.09/turn              (no ring)

@: no status effects
A: small, no large weapons, nightstalker 3
a: no special abilities


You were on level 5 of the Dungeon.
You visited 1 branch of the dungeon, and saw 4 of its levels.

You collected 52 gold pieces.

Inventory:

Hand Weapons
 a - a +1 hand crossbow (weapon)
 b - a +0 short sword
Missiles
 d - 7 bolts (quivered ammo)
Armour
 c - a +0 leather armour (worn)
Magical Staves
 i - a staff of poison
Jewellery
 m - a ring of poison resistance
Scrolls
 e - 2 scrolls of holy word {unknown}
 f - a scroll of noise {unknown}
 g - a scroll of blinking {unknown}
 h - a scroll of fog {unknown}
 j - a scroll of enchant armour {unknown}
 l - 2 scrolls of identify {unknown}
Potions
 k - 2 potions of might {unknown}


   Skills:
 + Level 2.2 Fighting
 + Level 0.2 Short Blades
 + Level 6.4 Crossbows
 + Level 0.5 Armour
 + Level 2.4 Dodging
 + Level 1.5 Stealth


You had 3 spell levels left.
You didn't know any spells.
Your spell library contained the following spells:

 Spells                   Type           Power      Damage    Failure   Level
 Corona                   Hex            0%         N/A       41%         1
 Ensorcelled Hibernation  Hex/Ice        0%         N/A       56%         2
 Confusing Touch          Hex            0%         N/A       80%         3
 Dazzling Flash           Conj/Hex       0%         N/A       80%         3
 Tukima's Dance           Hex            0%         N/A       80%         3


Dungeon Overview and Level Annotations

Branches:
Dungeon (3/15)

Altars:


Innate Abilities, Weirdness & Mutations

You are small and have problems with some larger weapons.
You are completely attuned to the shadows.


Message History

You are too injured to fight recklessly!
You are too injured to fight recklessly!
You are too injured to fight recklessly!
You are too injured to fight recklessly!
You are too injured to fight recklessly!
You are too injured to fight recklessly!
You are too injured to fight recklessly!
You are too injured to fight recklessly!
You are too injured to fight recklessly!
You are too injured to fight recklessly!
a - a +1 hand crossbow (weapon)
The centaur hits you but does no damage.
The centaur closely misses you.
Fire: 10 bolts
Press: ? - help, Q - select action Shift-Dir - straight line, f - centaur
Aim: a centaur, quivering arrows (moderately wounded, 76% to hit)
You shoot a bolt.
The bolt hits the centaur but does no damage.
The centaur is moderately wounded.
The centaur hits you.
* * * LOW HITPOINT WARNING * * *
The centaur kicks you.
* * * LOW HITPOINT WARNING * * *
The centaur misses you.
The centaur kicks you but does no damage.
Fire: 9 bolts
Press: ? - help, Q - select action Shift-Dir - straight line, f/p - centaur
Aim: a centaur, quivering arrows (moderately wounded, 76% to hit)
You shoot a bolt. The bolt hits the centaur.
The centaur is heavily wounded.
The centaur closely misses you. x2
Fire: 8 bolts
Press: ? - help, Q - select action Shift-Dir - straight line, f/p - centaur
Aim: a centaur, quivering arrows (heavily wounded, 76% to hit)
You shoot a bolt. The bolt hits the centaur.
The centaur is severely wounded.
The centaur barely misses you. The centaur kicks you.
* * * LOW HITPOINT WARNING * * *
The centaur hits you.
You die...

.........
........#
........#
......c.#.
.....@...#
..........
...(......
..........
..........
..........
.....[...


You could see a centaur.

Vanquished Creatures
  An adder (D:2)
  A dart slug (D:1)
  5 endoplasms
  3 giant cockroaches
  3 goblins
  6 hobgoblins
  8 ball pythons
  3 bats
  3 frilled lizards
  5 kobolds
  8 rats
46 creatures vanquished.

Notes
Turn   | Place    | Note
-------+----------+-------------------------------------------
     0 | D:1      | Tocho the Kobold Hunter began the quest for the Orb.
     0 | D:1      | Reached XP level 1. HP: 12/12 MP: 1/1
    17 | D:1      | Reached skill level 5 in Crossbows
   115 | D:1      | Reached XP level 2. HP: 17/17 MP: 2/2
   275 | D:1      | Found a faded altar of an unknown god.
   506 | D:1      | Reached XP level 3. HP: 21/21 MP: 3/3
  1008 | D:2      | Reached skill level 6 in Crossbows
  1564 | D:2      | Reached XP level 4. HP: 9/26 MP: 4/4
  2388 | D:3      | You fall into a shaft and drop 2 floors!
  2388 | D:5      | Entered Level 5 of the Dungeon
  2389 | D:5      | Noticed a centaur
  2398 | D:5      | Slain by a centaur

Illustrated notes

Levels and vault maps discovered:
D:1:      dpeg_arrival_prison, layout_loops_ring, basic_ecumenical_altar
D:2:      layout_basic, minmay_fractal_squares_gapless_5
D:3:      layout_basic
D:5:      layout_basic, minmay_temple_entry_mini_moons,
          nicolae_underground_beach

Skill      XL: |  1  2  3 |
---------------+----------+-----
Crossbows      | 5 6 |  6.4
Fighting       | |  2.2
Short Blades   | |  0.2
Armour         | |  0.5
Dodging        | |  2.4
Stealth        | |  1.5

Action                   |  1- 3 |  4- 6 || total
-------------------------+-------+-------++-------
Melee: Short sword       |    22 |    42 ||    64
 Fire: Hand crossbow     |    65 |     3 ||    68
 Stab: Sleeping          |     1 |     3 ||     4
Armor: Leather armour    |     9 |    17 ||    26
Dodge: Dodged            |    38 |    38 ||    76

Table legend: (Time is in decaauts)
 A = Elapsed time spent in this place.
 B = Non-inter-level travel time spent in this place.
 C = Inter-level travel time spent in this place.
 D = Time resting spent in this place.
 E = Time spent auto-exploring this place.
 F = Levels seen in this place.
 G = Mean time per level.
                   A        B        C        D        E       F      G
               +--------+--------+--------+--------+--------+-----+--------+
         Total |   2417 |   2352 |     65 |    490 |    941 |   4 |  604.2 |
       Dungeon |   2417 |   2352 |     65 |    490 |    941 |   4 |  604.2 |
               +--------+--------+--------+--------+--------+-----+--------+

Top non-repeatable levels by time:
     D:1: 971 daAuts
     D:3: 796 daAuts
     D:2: 640 daAuts
     D:5: 10 daAuts
